 Dungeon Crawl Stone Soup version 0.30-a0-4-ga7cffc901d (webtiles) character file.

Game seed: 2474795081841768183

700 Setbun the Chopper (level 7, -2/61 HPs)
             Began as a Hill Orc Fighter on Aug 20, 2022.
             Was an Initiate of Okawaru.
             Slain by a hound (4 damage)
             ... on level 5 of the Dungeon.
             The game lasted 00:08:33 (5628 turns).

Setbun the Chopper (Hill Orc Fighter)               Turns: 5628, Time: 00:08:33

Health: -2/61      AC: 13    Str: 21      XL:     7   Next: 65%
Magic:  7/7        EV:  6    Int:  8      God:    Okawaru [......]
Gold:   237        SH:  4    Dex:  7 (10) Spells: 6/6 levels left

rFire   + . .      SeeInvis .    a - +0 war axe
rCold   + . .      Faith    .    c - +0 buckler
rNeg    . . .      Spirit   .    q - +0 plate armour
rPois   .          Reflect  .    (no helmet)
rElec   .          Harm     .    f - scarf {shadows}
rCorr   .          Rampage  .    l - +0 pair of gloves
Will    .....                    (no boots)
Stlth   ..........               (no amulet)
HPRegen 0.20/turn                e - ring of protection from fire
MPRegen 0.10/turn                b - ring of protection from cold

@: no status effects
A: no striking features
a: Renounce Religion


You were on level 5 of the Dungeon.
You worshipped Okawaru.
Okawaru was noncommittal.
You visited 2 branches of the dungeon, and saw 6 of its levels.

You collected 237 gold pieces.

Inventory:

Hand Weapons
 a - a +0 war axe (weapon)
Armour
 c - a +0 buckler (worn)
 f - a scarf of shadows (worn)
 l - a +0 pair of gloves (worn)
 m - a +2 leather armour of poison resistance
 q - a +0 plate armour (worn)
Jewellery
 b - a ring of protection from cold (right hand)
 e - a ring of protection from fire (left hand)
Wands
 x - a wand of acid (5)
 y - a wand of flame (22)
Scrolls
 g - a scroll of poison {unknown}
 i - 5 scrolls of identify {unknown}
 j - 4 scrolls of butterflies {unknown}
 n - a scroll of fear {unknown}
 o - 2 scrolls of teleportation {unknown}
 s - a scroll of enchant weapon {unknown}
 v - a scroll of silence {unknown}
 w - a scroll of amnesia {unknown}
Potions
 d - 2 potions of might
 h - a potion of ambrosia {unknown}
 k - a potion of brilliance
 p - a potion of resistance {unknown}
 r - a potion of degeneration {unknown}
 t - a potion of invisibility {unknown}
 u - a potion of curing {unknown}


   Skills:
 + Level 5.6 Fighting
 * Level 7.2 Axes
 + Level 5.1 Armour
 + Level 5.2 Shields


You had 6 spell levels left.
You didn't know any spells.
Your spell library contained the following spells:

 Spells                   Type           Power      Damage    Failure   Level
 Gell's Gravitas          Tloc           0%         N/A       100%        3
 Ozocubu's Armour         Ice            0%         N/A       100%        3
 Teleport Other           Tloc           0%         N/A       100%        3
 Dispersal                Tloc           0%         N/A       100%        6
 Ozocubu's Refrigeration  Ice            0%         4d7       100%        7


Dungeon Overview and Level Annotations

Branches:
Dungeon (5/15)             Temple (1/1) D:4

Altars:
Cheibriados
Dithmenos
Elyvilon
Fedhas
Gozag
Kikubaaqudgha
Nemelex Xobeh
Okawaru
Qazlal
Ru
Sif Muna
Uskayaw
Wu Jian
Yredelemnul
Zin
The Shining One

Shops:
D:1 ?(=([

Annotations:
D:5 Eustachio


Message History

Eustachio gestures wildly while chanting.
Eustachio blinks!
The hound barely misses you.
The crimson imp blinks!
You completely miss the hound.
The hound is lightly wounded.
You slash the ufetubus!
You kill the ufetubus!
The ufetubus disappears in a puff of smoke!
The hound bites you but does no damage.
Eustachio casts a spell.
Eustachio blinks!
The hound bites you but does no damage.
You barely miss the hound.
The hound is lightly wounded.
You hit the rat. The rat bites you but does no damage.
The hound barely misses you.
Okay, then.
You hit the rat.
You kill the rat!
The rat's corpse disappears in a puff of smoke!
You barely miss the hound. You block the hound's attack.
The hound bites you but does no damage. The hound attacks as you move away!
The hound bites you but does no damage.
The crimson imp disappears in a puff of smoke!
The hound stops to sniff the ground.
The hound bites you but does no damage. You block the hound's attack.
The hound bites you but does no damage. The hound attacks as you move away!
The hound bites you.
* * * LOW HITPOINT WARNING * * *
The hound bites you but does no damage. The hound attacks as you move away!
The hound bites you but does no damage. The hound barely misses you.
Eustachio mumbles some strange words.
Eustachio blinks!
The hound bites you.
* * * LOW HITPOINT WARNING * * *
The hound attacks as you move away! The hound bites you but does no damage.
You slash the hound!
The hound is severely wounded.
You block the hound's attack. The hound bites you.
You die...

............####.##########.#
.###.###########.##.ยง...@...#
.# #.# #....^..##.#########
.###.# #.########.# .....# #.#
#.# ####.# #.# #.# #.#####.###
#.# #.........######.#
#.#####.#....@h..# #.#
#.########## #<# #.# #.# ..#
..#


You could see a hound.

Vanquished Creatures
  A black bear (D:4)
  An ogre (D:4)
  2 jellies (D:5)
  An orc priest (D:5)
  2 hounds
  Jessica (D:3)
  2 iguanas
  Ijyb (D:5)
  2 orc wizards
  8 adders
  A white imp (D:5)
  A worm (D:2)
  2 dart slugs
  14 orcs
  5 bats
  10 endoplasms
  8 giant cockroaches
  6 goblins
  8 hobgoblins
  4 jackals
  16 kobolds
  6 ball pythons
  11 frilled lizards
  4 rats
117 creatures vanquished.

Vanquished Creatures (others)
  An orc wizard (D:5)
  9 plants (D:1)
10 creatures vanquished.

Grand Total: 127 creatures vanquished

Notes
Turn   | Place    | Note
-------+----------+-------------------------------------------
     0 | D:1      | Setbun the Hill Orc Fighter began the quest for the Orb.
     0 | D:1      | Reached XP level 1. HP: 19/19 MP: 1/1
    17 | D:1      | Reached skill level 3 in Axes
    24 | D:1      | Reached XP level 2. HP: 25/27 MP: 2/2
   142 | D:1      | Found Direbuk's Antique Armour Emporium.
   209 | D:1      | Found Majean's Weapon Emporium.
   313 | D:1      | Found Niephug's Jewellery Emporium.
   369 | D:1      | Found Fetyuz's Weapon Shoppe.
   585 | D:1      | Found Cepur's Magic Scroll Shoppe.
   609 | D:1      | Reached XP level 3. HP: 25/33 MP: 3/3
  1608 | D:2      | Reached skill level 4 in Axes
  1608 | D:2      | Reached XP level 4. HP: 37/40 MP: 4/4
  2129 | D:3      | Found a faded altar of an unknown god.
  2164 | D:3      | Noticed Jessica
  2181 | D:3      | Killed Jessica
  2210 | D:3      | Reached XP level 5. HP: 25/47 MP: 5/5
  2702 | D:3      | Reached skill level 5 in Axes
  3583 | D:4      | Reached XP level 6. HP: 41/53 MP: 6/6
  3686 | D:4      | Reached skill level 6 in Axes
  3698 | D:4      | Noticed a black bear
  3719 | D:4      | Killed a black bear
  3720 | D:4      | Reached skill level 5 in Fighting
  3720 | D:4      | Reached XP level 7. HP: 36/61 MP: 7/7
  3878 | D:4      | Found a staircase to the Ecumenical Temple.
  4391 | Temple   | Entered the Ecumenical Temple
  4519 | Temple   | Became a worshipper of Warmaster Okawaru
  4570 | D:5      | Entered Level 5 of the Dungeon
  4943 | D:5      | Reached skill level 5 in Shields
  4981 | D:5      | Reached skill level 7 in Axes
  4981 | D:5      | Reached skill level 5 in Armour
  5294 | D:5      | Noticed Ijyb
  5310 | D:5      | Killed Ijyb
  5557 | D:5      | Noticed Eustachio
  5610 | D:5      | HP: 3/61 [quasit[Eustachio] (1)]
  5621 | D:5      | HP: 1/61 [hound (3)]
  5626 | D:5      | HP: 2/61 [hound (1)]
  5628 | D:5      | Slain by a hound

Illustrated notes

Levels and vault maps discovered:
D:1:      heliophobic_arrival_ceremonial_halls, layout_basic, serial_rivers,
          chequers_serial_rivers_micro_d, chequers_serial_rivers_small_3,
          chequers_serial_rivers_room_b, chequers_serial_rivers_room_b,
          chequers_serial_rivers_micro_c, chequers_serial_rivers_micro_a,
          serial_shops, nicolae_shop_trees, shop, shop, nicolae_shop_stone,
          nicolae_shop_stone, chequers_serial_rivers_large_b, minmay_lizard_king
D:2:      layout_basic
D:3:      layout_loops_corners, serial_aquarium, aquarium_bridge_island_small
          [aquarium_subvault_small_open, aquarium_subvault_wall,
          aquarium_subvault_window, aquarium_subvault_bridge,
          aquarium_subvault_balcony], aquarium_window_1, aquarium_window_1,
          aquarium_view_2c, aquarium_view_2c, aquarium_balcony_5a,
          aquarium_pool_double, ebering_ecumenical_altar_sacrificial,
          minmay_randomly_rotated_circles, uniq_jessica
D:4:      layout_loops_ring, minmay_temple_entry_nine_rooms,
          chequers_serial_rivers_room_a
D:5:      minmay_evil_eye, layout_loops_ring, minivault_24, uniq_eustachio,
          uniq_ijyb
Temple:   nicolae_temple_superstar

Skill      XL: |  1  2  3  4  5  6  7 |
---------------+----------------------+-----
Axes           | 3 4 5 6 7 |  7.2
Fighting       | 4 5 |  5.6
Armour         | 4 5 |  5.1
Shields        | 4 5 |  5.2

Action                   |  1- 3 |  4- 6 |  7- 9 || total
-------------------------+-------+-------+-------++-------
Melee: War axe           |   108 |   163 |   134 ||   405
Armor: Scale mail        |    41 |    28 |       ||    69
       Plate armour      |       |    95 |   159 ||   254
Dodge: Dodged            |    55 |    53 |    57 ||   165
Block: Buckler           |    26 |    40 |    40 ||   106

Table legend: (Time is in decaauts)
 A = Elapsed time spent in this place.
 B = Non-inter-level travel time spent in this place.
 C = Inter-level travel time spent in this place.
 D = Time resting spent in this place.
 E = Time spent auto-exploring this place.
 F = Levels seen in this place.
 G = Mean time per level.
                   A        B        C        D        E       F      G
               +--------+--------+--------+--------+--------+-----+--------+
         Total |   5774 |   5558 |    216 |    889 |   3696 |   6 |  962.3 |
       Dungeon |   5636 |   5430 |    206 |    889 |   3621 |   5 | 1127.2 |
        Temple |    137 |    128 |      9 |      0 |     75 |   1 |  137.0 |
               +--------+--------+--------+--------+--------+-----+--------+

Top non-repeatable levels by time:
     D:3: 1293 daAuts
     D:1: 1128 daAuts
     D:4: 1127 daAuts
     D:5: 1079 daAuts
     D:2: 1007 daAuts
  Temple: 137 daAuts
